 Dungeon Crawl Stone Soup version 0.31.0-12-g77e489cdc1 (webtiles) character file.

Game seed: 10730724746040363853

156 DearGrease the Covered (level 5, -1/46 HPs)
             Began as a Hill Orc Fighter on Feb 15, 2024.
             Slain by Frank's ghost (5 damage)
             ... on level 4 of the Dungeon.
             The game lasted 00:05:12 (2142 turns).

DearGrease the Covered (Hill Orc Fighter)           Turns: 2142, Time: 00:05:13

Health: -1/46      AC:  8    Str: 21    XL:     5   Next: 37%
Magic:  5/5        EV: 11    Int:  8    God:
Gold:   160        SH:  4    Dex: 10    Spells: 4/4 levels left

rFire   . . .        n - +4 short sword (flame)
rCold   + . .        c - +0 buckler
rNeg    . . .        r - +2 leather armour {rC+}
rPois   .            (no helmet)
rElec   .            (no cloak)
rCorr   .            k - +0 pair of gloves
SInv    .            q - +0 pair of boots
Will    ++...        (no amulet)
Stlth   +            i - ring of willpower
HPRegen 0.27/turn    (no ring)
MPRegen 0.09/turn

%: no passive effects
@: enlightened, flying
A: no striking features
a: no special abilities


You were on level 4 of the Dungeon.
You visited 1 branch of the dungeon, and saw 4 of its levels.

You collected 160 gold pieces.

Inventory:

Hand Weapons
 a - a +0 war axe
 n - a +4 short sword of flaming (weapon)
Armour
 b - a +0 scale mail
 c - a +0 buckler (worn)
 k - a +0 pair of gloves (worn)
 q - a +0 pair of boots (worn)
 r - a +2 leather armour of cold resistance (worn)
Jewellery
 i - a ring of willpower (left hand)
Scrolls
 e - 2 scrolls of butterflies
 f - a scroll of noise
 g - a scroll of teleportation
 j - a scroll of revelation
 m - 2 scrolls of enchant weapon
 p - a scroll of fear
 t - a scroll of immolation {unknown}
 u - a scroll of vulnerability
 v - a scroll of brand weapon {unknown}
Potions
 d - 2 potions of might
 s - a potion of attraction {unknown}


   Skills:
 + Level 4.1 Fighting
 + Level 0.6 Short Blades
 + Level 4.3 Axes
 + Level 4.4 Armour
 + Level 1.2 Dodging
 + Level 3.9 Shields


You had 4 spell levels left.
You didn't know any spells.
Your spell library was empty.

Dungeon Overview and Level Annotations

Branches:
Dungeon (4/15)
 Temple: D:4-7

Altars:

Shops:
D:1 [

Annotations:
D:4 Frank's ghost, amateur DsFi


Message History

You hit Frank's ghost. You burn Frank's ghost.
Frank's ghost is severely damaged.
Frank's ghost hits you!
You hit Frank's ghost but do no damage.
Frank's ghost is severely damaged.
Frank's ghost hits you.
You barely miss Frank's ghost.
Frank's ghost is severely damaged.
Frank's ghost closely misses you.
You barely miss Frank's ghost.
Frank's ghost is severely damaged.
Frank's ghost barely misses you.
You puncture Frank's ghost! You burn Frank's ghost.
Frank's ghost is severely damaged.
Frank's ghost hits you.
You barely miss Frank's ghost.
Frank's ghost is severely damaged.
Frank's ghost hits you but does no damage.
You hit Frank's ghost but do no damage.
Frank's ghost is severely damaged.
Frank's ghost hits you!
* * * LOW HITPOINT WARNING * * *
You block Frank's ghost's attack.
Frank's ghost attacks as it pursues you!
Frank's ghost closely misses you.
Frank's ghost attacks as it pursues you!
Frank's ghost hits you.
* * * LOW HITPOINT WARNING * * *
There is a stone staircase leading down here.
Frank's ghost hits you.
* * * LOW HITPOINT WARNING * * *
You climb downwards.
Found a scroll labelled GUKHALE ARRUTU.
There is a stone staircase leading up here.
It was a potion of curing.
You feel better. Frank's ghost hits you.
* * * LOW HITPOINT WARNING * * *
It was a potion of enlightenment.
You feel very buoyant.
You fly up into the air.
Frank's ghost hits you.
You die...

#.#.##
..?. ....
... ..#
#######.#
.......W#
#.@# #.##
#. #. #.
.. ##


You could see Frank's ghost.

Vanquished Creatures
  A hound (D:2)
  A bombardier beetle (D:3)
  Terence (D:2)
  2 adders (D:3)
  A dart slug (D:3)
  4 endoplasms
  A giant cockroach (D:1)
  4 goblins
  8 hobgoblins
  5 jackals (D:2)
  6 ball pythons
  4 bats
  2 frilled lizards (D:2)
  6 kobolds
  4 rats
50 creatures vanquished.

Notes
Turn   | Place    | Note
-------+----------+-------------------------------------------
     0 | D:1      | DearGrease the Hill Orc Fighter began the quest for the
                  | Orb.
     0 | D:1      | Reached XP level 1. HP: 19/19 MP: 1/1
    23 | D:1      | Found Fisejea's Armour Emporium.
   228 | D:1      | Reached XP level 2. HP: 25/27 MP: 2/2
   566 | D:1      | Found a faded altar of an unknown god.
  1021 | D:2      | Reached XP level 3. HP: 21/33 MP: 3/3
  1130 | D:2      | Noticed Terence
  1140 | D:2      | Killed Terence
  1293 | D:2      | Reached XP level 4. HP: 40/40 MP: 4/4
  1607 | D:3      | Reached skill level 1 in Dodging
  1607 | D:3      | Reached XP level 5. HP: 18/46 MP: 5/5
  1774 | D:3      | Found a large runed translucent door.
  1775 | D:3      | Found a large runed translucent door.
  1777 | D:3      | Noticed Frank's ghost (amateur DsFi)
  2139 | D:3      | HP: 2/46 [Frank's ghost (6)]
  2142 | D:4      | Slain by Frank's ghost

Illustrated notes

Levels and vault maps discovered:
D:1:      dpeg_arrival_stone_temple_mockup, layout_basic, serial_shops,
          shop_statue, ebering_ecumenical_altar_webs, minmay_liquid_box
D:2:      layout_rooms, uniq_terence
D:3:      layout_rooms, ebering_ghost_disaster_area
D:4:      layout_basic, serial_shops, shop

Skill      XL: |  1  2  3  4 |
---------------+-------------+-----
Axes           | 3 4 |  4.3
Fighting       | 4 |  4.1
Armour         | 4 |  4.4
Dodging        | 1 |  1.2
Short Blades   | |  0.6
Shields        | |  3.9

Action                     |  1- 3 |  4- 6 || total
---------------------------+-------+-------++-------
  Melee: War axe           |    90 |       ||    90
         Short sword       |     4 |    76 ||    80
    Use: Scroll            |     1 |     6 ||     7
         Potion            |       |     2 ||     2
 Armour: Scale mail        |    87 |    36 ||   123
         Leather armour    |       |    21 ||    21
  Dodge: Dodged            |    55 |    42 ||    97
  Block: Buckler           |    36 |    16 ||    52
